 Dungeon Crawl Stone Soup version 0.28-a0-239-g68911e0c57 (webtiles) character file.

Game seed: 17432240501991384956

339 Colgate the Cudgeller (level 6, -4/42 HPs)
             Began as an Octopode Fighter on Aug 23, 2021.
             Succumbed to a scorpion's poison
             ... on level 4 of the Dungeon.
             The game lasted 00:09:00 (4385 turns).

Colgate the Cudgeller (Octopode Fighter)            Turns: 4385, Time: 00:09:01

Health: -4/42      AC:  1    Str: 15    XL:     6   Next: 55%
Magic:  6/6        EV: 11    Int: 11    God:
Gold:   219        SH:  8    Dex: 13    Spells: 5/5 levels left

rFire   + . .      SeeInvis .   Y - +1 flail
rCold   . . .      Faith    .   b - +0 kite shield
rNeg    + . .      Spirit   .   (helmet restricted)
rPois   .          Reflect  .   (no amulet)
rElec   .          Harm     .   g - ring of protection from fire
rCorr   .          Rampage  .   k - ring of positive energy
Will    .....                   (no ring)
Stlth   ++........              (no ring)
HPRegen 0.14/turn               (no ring)
MPRegen 0.10/turn               (no ring)
                                (no ring)
                                (no ring)

@: lethally poisoned (-4 -> -24)
A: almost no armour, amphibious, 8 rings, camouflage 1, gelatinous body 1,
(nimble swimmer 1), tentacles
a: no special abilities


You were on level 4 of the Dungeon.
You visited 1 branch of the dungeon, and saw 4 of its levels.

You collected 219 gold pieces.


Innate Abilities, Weirdness & Mutations

You cannot wear most types of armour.
You are amphibious.
You can wear up to eight rings at the same time.
Your skin changes colour to match your surroundings (Stealth+).
Your rubbery body absorbs attacks. (AC +1, EV +1)
((You are camouflaged near water. (Stealth+)))
You have tentacles for arms and can constrict up to eight enemies at once.


   Skills:
 - Level 3.0 Fighting
 + Level 6.8 Maces & Flails
 - Level 3.0 Dodging
 - Level 3.0 Shields


You had 5 spell levels left.
You didn't know any spells.
Your spell library was empty.

Inventory:

Hand Weapons
 Y - a +1 flail (weapon)
Armour
 b - a +0 kite shield (worn)
Jewellery
 g - a ring of protection from fire (left tentacle)
 k - a ring of positive energy (right tentacle)
Scrolls
 d - 2 scrolls of identify
 l - a scroll of teleportation
Potions
 a - a potion of curing
 c - a potion of might
 m - a potion of mutation {unknown}
 n - a potion of degeneration {unknown}

Dungeon Overview and Level Annotations

Branches:
Dungeon (4/15)
 Temple: D:4-7

Altars:
Ashenzari
Dithmenos


Message History

You hit the goblin but do no damage. Your grab misses the goblin.
You block the goblin's attack. The goblin hits you with a +0 club.
You hit the goblin. Your grab misses the goblin.
The goblin is heavily wounded.
The goblin barely misses you.
You sock the goblin!
You kill the goblin!
You completely miss the kobold. You grab the kobold. You squeeze the kobold.
You kill the kobold!
You now have 219 gold pieces (gained 14).
There is an open door here.
Items here: %% )) ? [.
Found an escape hatch in the floor.
Found a leather armour.
A scorpion comes into view.
You barely miss the scorpion. Your grab misses the scorpion.
Your squeeze misses the scorpion. The scorpion stings you!
The scorpion barely misses you.
You completely miss the scorpion. You grab the scorpion.
You constrict the scorpion, but do no damage.
The scorpion stings you!
You are poisoned.
The scorpion poisons you!
You hit the scorpion.
The scorpion is lightly wounded.
You constrict the scorpion.
You feel very sick. The scorpion stings you.
You are more poisoned.
The scorpion poisons you! The scorpion stings you.
You are more poisoned.
The scorpion poisons you!
You sock the scorpion!
The scorpion is almost dead.
You constrict the scorpion.
You feel extremely sick. The scorpion stings you.
You block the scorpion's attack.
You barely miss the scorpion. You squeeze the scorpion.
You kill the scorpion!
You die...

#.# #.# #.# # ###.# #
.. .. ...##.#..# #.
##...#..... #.
#.......... #. #@.# #.
#. #..# #. #. ##.##
##. ####. #[#..# #..
..#. ##.##.##
##..####.#. #...#..#
#......#.#.
##...##.###..........
#.....#..#...#.#.#.#.
.#.....#..#...#.#.#.#.


There were no monsters in sight!

Vanquished Creatures
  A black bear (D:4)
  A phantom (D:3)
  A scorpion (D:4)
  A hound (D:2)
  Jessica (D:2)
  An orc wizard (D:4)
  4 worms
  4 dart slugs
  8 orcs
  7 ball pythons
  2 bats (D:1)
  6 endoplasms
  A giant cockroach (D:1)
  8 goblins
  9 hobgoblins
  4 quokkas
  4 kobolds
  8 rats
71 creatures vanquished.

Notes
Turn   | Place    | Note
-------+----------+-------------------------------------------
     0 | D:1      | Colgate the Octopode Fighter began the quest for the Orb.
     0 | D:1      | Reached XP level 1. HP: 16/16 MP: 1/1
     0 | D:1      | 0 ||| counter = 44
   143 | D:1      | Reached XP level 2. HP: 17/21 MP: 2/2
   264 | D:1      | Reached skill level 3 in Maces & Flails
   711 | D:1      | Reached XP level 3. HP: 26/26 MP: 3/3
  1533 | D:1      | 1533 ||| DROPPING ring of magical power.
  1534 | D:1      | 1534 ||| UPGRADING to ring of protection from fire.
  1535 | D:1      | 1535 ||| UPGRADING to ring of positive energy.
  1536 | D:1      | 1536 ||| READING scroll labelled HISIFU LELOT.
  1537 | D:1      | 1537 ||| READING scroll labelled SETODU WOWN.
  1538 | D:1      | 1538 ||| READING scroll labelled WONAEL JAURGH.
  1539 | D:1      | 1539 ||| READING scroll labelled BYTAMA ENIOHYGG.
  1540 | D:1      | 1540 ||| READING scroll labelled GISHEE GIRUSS.
  1541 | D:1      | 1541 ||| READING 2 scrolls labelled DIJI QIMEPU.
  1546 | D:1      | 1546 ||| READING scroll labelled DEAQUG BAETRUAPRANT.
  1598 | D:2      | Found a broken altar of Ashenzari.
  1676 | D:2      | Found a faded altar of an unknown god.
  1730 | D:2      | Reached skill level 4 in Maces & Flails
  1730 | D:2      | Reached XP level 4. HP: 15/31 MP: 4/4
  2302 | D:2      | You fall into a shaft and drop 1 floor!
  2303 | D:3      | 2303 ||| Shafted from D:2 to D:3.
  2308 | D:3      | 2308 ||| Stepping ~*~*~tactically~*~*~ (outnumbered).
  2693 | D:2      | 2693 ||| Successfully unshafted to D:2.
  2753 | D:2      | Noticed Jessica
  2815 | D:2      | Killed Jessica
  2816 | D:2      | Reached skill level 5 in Maces & Flails
  2816 | D:2      | Reached XP level 5. HP: 23/36 MP: 5/5
  3258 | D:2      | 3258 ||| READING scroll labelled YLYUD WIRUNIMN.
  3259 | D:2      | 3259 ||| READING scroll labelled DAODEU LIGIDEGROR.
  3379 | D:3      | Found a shadowy altar of Dithmenos.
  3911 | D:3      | 3911 ||| DRINKING 2 brown potions.
  3959 | D:4      | Noticed a phantom
  3984 | D:4      | 3984 ||| STAIRDANCE
  3989 | D:3      | Killed a phantom
  3990 | D:3      | Reached skill level 6 in Maces & Flails
  4072 | D:4      | 4072 ||| STAIRDANCE
  4113 | D:4      | 4113 ||| STAIRDANCE
  4123 | D:4      | Reached XP level 6. HP: 40/42 MP: 6/6
  4213 | D:4      | Noticed a black bear
  4231 | D:4      | Killed a black bear
  4384 | D:4      | HP: 5/42 [poisoned by a scorpion]
  4384 | D:4      | HP: 1/42 [scorpion (4)]
  4385 | D:4      | Succumbed to a scorpion's poison

Levels and vault maps discovered:
D:1:      heliophobic_arrival_battle_scene, layout_basic, minivault_5,
          minmay_bisected
D:2:      layout_basic, basic_altar, ebering_ecumenical_altar_petrified,
          serial_park_tiny_1, bh_walls_and_bars, uniq_jessica
D:3:      layout_loops_corners, nicolae_dithmenos_through_a_glass_darkly,
          item_on_display_a
D:4:      layout_basic, minmay_unequal

Skill      XL: |  1  2  3  4  5 |
---------------+----------------+-----
Maces & Flails | 3 4 5 6 |  6.8
Fighting       | |  3.0
Dodging        | |  3.0
Shields        | |  3.0

Action                   |  1- 3 |  4- 6 || total
-------------------------+-------+-------++-------
Melee: Flail             |    54 |    87 ||   141
       Constrict         |    19 |    23 ||    42
       Tentacles         |    12 |    19 ||    31
  Use: Scroll            |     7 |     2 ||     9
       Potion            |       |     1 ||     1
 Stab: Sleeping          |     2 |       ||     2
Armor: Skin              |     5 |     5 ||    10
Dodge: Dodged            |    14 |    29 ||    43
Block: Kite shield       |    13 |    27 ||    40

Table legend:
 A = Non-vault XP
 B = Vault XP
 C = Vault XP percentage of total XP
 D = Non-vault monster count
 E = Vault monster count
 F = Vault count percentage of total count
                 A         B        C        D         E       F
            +---------+---------+-------+---------+---------+-------
      Total |     529 |      43 |   7.5 |      66 |       5 |   7.0
            +---------+---------+-------+---------+---------+-------
        D:1 |      44 |       5 |  10.2 |      22 |       3 |  12.0
        D:2 |      78 |      37 |  32.2 |      19 |       1 |   5.0
        D:3 |     144 |       0 |   0.0 |      18 |       0 |   0.0
        D:4 |     263 |       1 |   0.4 |       7 |       1 |  12.5
            +---------+---------+-------+---------+---------+-------
